 Dungeon Sprint DCSS version 0.25.1-2-g60ff931df9 (webtiles) character file.

Game seed: 11757177786425813187

21048 Doot the Ninja (level 12, 0/68 HPs)
             Began as a Vampire Enchanter on Oct 11, 2020.
             Was an Elder of Lugonu.
             Slain by a large abomination (30 damage)
             ... in the Dungeon (Sprint VII: "The Pits").
             The game lasted 00:26:09 (6801 turns).

Doot the Ninja (Vampire Enchanter)                  Turns: 6801, Time: 00:26:09

Health: 0/68       AC: 12    Str:  5 (7)  XL:     12   Next: 50%
Magic:  21/28      EV: 16    Int: 19 (23) God:    Lugonu [****..]
Gold:   38         SH:  0    Dex: 15 (17) Spells: 2/35 levels left

rFire    . . .     SeeInvis +   t - +2 rapier (drain)
rCold    + + .     Gourm    .   (no shield)
rNeg     + + +     Faith    .   v - +5 ring mail
rPois    ∞         Spirit   .   (no helmet)
rElec    .         Reflect  .   (no cloak)
rCorr    .         Harm     .   u - +0 pair of gloves
MR       .....     NoTele   +   (no boots)
Stlth    ++++++++++             (no amulet)
HPRegen  0.00/turn              p - +3 ring of intelligence
MPRegen  0.21/turn              q - +3 ring of evasion

@: confusing touch, vulnerable, bloodless
A: no food, fangs 3, see invisible, unbreathing
a: Bat Form, Revivify, Bend Space, Banish, Corrupt, Renounce Religion


You were in the Dungeon.
You worshipped Lugonu.
Lugonu was greatly pleased with you.
You were bloodless.

You visited 1 branch You collected 38 gold pieces.

Inventory:

Hand Weapons
 a - a +1 dagger
 n - a +2 dagger
 o - a +2 dagger of draining
 t - a +2 rapier of draining (weapon)
Armour
 b - a +0 robe
 u - a +0 pair of gloves (worn)
 v - a +5 ring mail (worn)
Jewellery
 p - a +3 ring of intelligence (left hand)
 q - a +3 ring of evasion (right hand)
 A - an uncursed ring of poison resistance
 B - an uncursed ring of protection from cold
 D - an uncursed ring of magical power
 E - an uncursed ring of resist corrosion
Wands
 w - a wand of flame (24)
Scrolls
 i - 4 scrolls of blinking
 j - 6 scrolls of remove curse
 k - 5 scrolls of amnesia
 l - a scroll of summoning
 m - a scroll of vulnerability
 x - a scroll of fear
 y - 3 scrolls of identify
 z - 2 scrolls of enchant armour
Potions
 c - 5 potions of berserk rage
 d - 9 potions of curing
 e - 11 potions of heal wounds
 f - 2 potions of haste
 g - 4 potions of magic
 h - a potion of invisibility
 r - a potion of resistance
 s - 4 potions of might
 C - a potion of stabbing


   Skills:
 + Level 5.0 Fighting
 + Level 11.0 Short Blades
 + Level 6.1 Armour
 + Level 8.2 Dodging
 O Level 27 Stealth
 + Level 12.3 Spellcasting
 + Level 0.7 Conjurations
 + Level 18.4 Hexes
 + Level 9.0 Ice Magic
 + Level 1.0 Earth Magic
 * Level 3.3 Invocations


You had 2 spell levels left.
You knew the following spells:

 Your Spells              Type           Power        Failure   Level  Hunger
a - Corona                Hex            ######.      0%          1    N/A
b - Ensorcelled Hibernat  Hex/Ice        ######       1%          2    N/A
c - Confusing Touch       Hex            ######..     1%          3    N/A
d - Tukima's Dance        Hex            ######..     1%          3    N/A
e - Dazzling Flash        Conj/Hex       #####.       1%          3    N/A
f - Metabolic Englaciati  Hex/Ice        ######....   2%          5    N/A
g - Leda's Liquefaction   Hex/Erth       #####.....   4%          4    N/A
h - Cause Fear            Hex            ######....   1%          4    N/A
i - Discord               Hex            ######....   61%         8    N/A

Your spell library contained the following spells:

 Spells                   Type           Power        Failure   Level  Hunger
 Blink                    Tloc           N/A          34%         2    N/A
 Poisonous Vapours        Pois/Air       ##....       34%         2    N/A
 Frozen Ramparts          Ice            #####.       1%          3    N/A
 Inner Flame              Hex/Fire       #####...     1%          3    N/A
 Spectral Weapon          Hex/Chrm       #####...     1%          3    N/A
 Summon Guardian Golem    Hex/Summ       #####...     1%          3    N/A
 Darkness                 Hex            ######....   1%          6    N/A
 Ozocubu's Armour         Chrm/Ice       ####....     11%         3    N/A
 Silence                  Hex/Air        #####.....   14%         5    N/A
 Ice Form                 Ice/Tmut       ####....     36%         4    N/A
 Conjure Flame            Conj/Fire      ##......     52%         3    N/A
 Gell's Gravitas          Tloc           ##........   56%         3    N/A
 Lesser Beckoning         Tloc           ##........   56%         3    N/A
 Recall                   Summ/Tloc      N/A          56%         3    N/A
 Ozocubu's Refrigeration  Ice            #####.....   65%         6    N/A
 Olgreb's Toxic Radiance  Pois           ##......     93%         4    N/A
 Passage of Golubria      Tloc           N/A          93%         4    N/A
 Bolt of Magma            Conj/Fire/Erth ##........   99%         5    N/A
 Simulacrum               Ice/Necr       ####......   99%         6    N/A
 Alistair's Intoxication  Tmut/Pois      ##......     100%        5    N/A
 Excruciating Wounds      Chrm/Necr      ##........   100%        5    N/A
 Summon Forest            Summ/Tloc      ##........   100%        5    N/A
 Dispersal                Tloc           ##........   100%        6    N/A
 Eringya's Noxious Bog    Tmut/Pois      ##........   100%        6    N/A
 Freezing Cloud           Conj/Ice/Air   ###.......   100%        6    N/A
 Iron Shot                Conj/Erth      ###.......   100%        6    N/A
 Shadow Creatures         Summ           N/A          100%        6    N/A
 Starburst                Conj/Fire      ##........   100%        6    N/A
 Statue Form              Tmut/Erth      ##.......    100%        6    N/A
 Ring of Flames           Chrm/Fire      ##........   100%        7    N/A
 Summon Greater Demon     Summ           ##........   100%        7    N/A
 Chain Lightning          Conj/Air       ##........   100%        8    N/A
 Disjunction              Tloc           ##........   100%        8    N/A
 Shatter                  Erth           ###.......   100%        9    N/A

Dungeon Overview and Level Annotations

Branches:
Dungeon (1/1)

Altars:
Ashenzari
Cheibriados
Dithmenos
Elyvilon
Fedhas
Gozag
Hepliaklqana
Kikubaaqudgha
Makhleb
Nemelex Xobeh
Okawaru
Qazlal
Ru
Sif Muna
Trog
Uskayaw
Vehumet
Wu Jian
Xom
Yredelemnul
Zin
The Shining One
Beogh
Jiyva
Lugonu


Innate Abilities, Weirdness & Mutations

You do not eat.
You do not regenerate when monsters are visible.
You are frail without blood (-20% HP).
You can heal yourself when you bite living creatures.
You are immune to poison.
You have razor-sharp teeth.
You have supernaturally acute eyesight. (SInv)
You can survive without breathing.


Message History

Aim: a large abomination (chance to confuse on hit: 16%, not susceptible)
Okay, then.
Unknown command.
Unknown command.
Casting: Ensorcelled Hibernation (safe; 1% risk of failure)
Confirm with . or Enter, or press ? or * to list all spells.
The large abomination is unaffected.
Unknown command.
Press: ? - help, Shift-Dir - straight line, f - large abomination
Aim: a large abomination (chance to confuse on hit: 16%, chance to defeat MR: 18%)
Okay, then.
Unknown command.
Really read the scroll of vulnerability?
As you read the scroll of vulnerability, it crumbles to dust.
Magic quickly surges around you. The large abomination hits you!!
* * * LOW HITPOINT WARNING * * *
Unknown command.
Unknown command.
You feel much better. The large abomination hits you!!
You die...

####++######################
..##++################ #########
..##..#..............###..##....#
[.##..##..............#..##.#.#.#
.)##..####...#[######...##......#
..##..#..#####.##...##'##.#.#.#.#
..##..#....##...#...#...#.......#
..##..+.....#...#...#...#.......#
####..+.....'...@X[.'...'.......'
####..+.....#...#...#...#.......#
..##..#....##...#...#...#.......#
[[##..#..#####.##)..##'##.#.#.#.#
).##..####...#'######...##......#
))##..##.......)......#.)##.#.#.#
))##..#..............###[.##....#
###################### #### #####


You could see a large abomination (vulnerable).

Vanquished Creatures
  A merfolk javelineer (D)
  2 minotaurs (D)
  A great orb of eyes (D)
  Erolcha (D)
  2 hydras (D)
  A two-headed ogre (D)
  2 death yaks (D)
  A vampire mage (D)
  3 hell hogs (D)
  A flayed ghost (D)
  An unseen horror (D)
  A sea snake (D)
  A harpy (D)
  2 deep elf magi (D)
  A merfolk siren (D)
  A gargoyle (D)
  3 black mambas (D)
  A spiny frog (D)
  2 guardian mummies (D)
  A troll (D)
  2 merfolk (D)
  A wandering mushroom (D)
  A polar bear (D)
  A tyrant leech (D)
  A wind drake (D)
  Prince Ribbit (D)
  A snapping turtle (D)
  A flying skull (D)
  3 redbacks (D)
  A ynoxinul (D)
  A tarantella (D)
  A shadow (D)
  A wyvern (D)
  6 yaks (D)
  A steam dragon (D)
  2 vampire mosquitoes (D)
  A floating eye (D)
  2 porcupines (D)
  A swamp drake (D)
  An orc warrior (D)
  An eye of draining (D)
  A black bear (D)
  5 wolves (D)
  A centaur (D)
  A gnoll sergeant (D)
  Blork the orc (D)
  A jelly (D)
  An orc priest (D)
  A worker ant (D)
  3 gnolls (D)
  An adder (D)
  2 river rats (D)
  A white imp (D)
  An ufetubus (D)
  2 oozes (D)
  An adder skeleton (D)
  4 orcs (D)
  A bat (D)
  A bat skeleton (D)
  2 hobgoblins (D)
  2 jackals (D)
  2 quokkas (D)
  A ball python (D)
  A frilled lizard (D)
  A rat (D)
98 creatures vanquished.

Vanquished Creatures (collateral kills)
  A death knight (D)
  A large abomination (D)
  A harpy (D)
  A red devil (D)
  A polar bear (D)
5 creatures vanquished.

Vanquished Creatures (others)
  A dancing weapon (D)
  A harpy (D)
  2 water elementals (D)
  A swamp drake (D)
  A quasit (D)
6 creatures vanquished.

Grand Total: 109 creatures vanquished

Notes
Turn   | Place    | Note
-------+----------+-------------------------------------------
     0 | D        | Doot the Vampire Enchanter began the quest for the Orb.
     0 | D        | Reached XP level 1. HP: 13/13 MP: 3/3
     8 | D        | Noticed a worker ant
    17 | D        | Killed a worker ant
    17 | D        | Reached skill level 6 in Stealth
    17 | D        | Reached XP level 2. HP: 16/19 MP: 3/5
    26 | D        | Found a bloodstained altar of Trog.
    26 | D        | Found a shimmering blue altar of Sif Muna.
    26 | D        | Found a viscous altar of Jiyva.
    26 | D        | Found a hazy altar of Hepliaklqana.
    26 | D        | Found an opulent altar of Gozag.
    27 | D        | Found a glowing golden altar of the Shining One.
    27 | D        | Found a glowing silver altar of Zin.
    27 | D        | Found a basalt altar of Yredelemnul.
    27 | D        | Found a shimmering altar of Xom.
    27 | D        | Found an ornate altar of the Wu Jian Council.
    27 | D        | Found a sacrificial altar of Ru.
    27 | D        | Found a stormy altar of Qazlal.
    27 | D        | Found an iron altar of Okawaru.
    27 | D        | Found a sparkling altar of Nemelex Xobeh.
    27 | D        | Found a burning altar of Makhleb.
    27 | D        | Found a blossoming altar of Fedhas.
    27 | D        | Found a white marble altar of Elyvilon.
    27 | D        | Found a shadowy altar of Dithmenos.
    27 | D        | Found a snail-covered altar of Cheibriados.
    29 | D        | Found a corrupted altar of Lugonu.
    29 | D        | Found a radiant altar of Vehumet.
    29 | D        | Found a roughly hewn altar of Beogh.
    30 | D        | Found an ancient bone altar of Kikubaaqudgha.
    30 | D        | Found a hide-covered altar of Uskayaw.
    30 | D        | Found a shattered altar of Ashenzari.
   198 | D        | Became a worshipper of Sif Muna the Loreminder
   228 | D        | Learned a level 2 spell: Ensorcelled Hibernation
   233 | D        | Reached skill level 7 in Stealth
   233 | D        | Reached XP level 3. HP: 19/19 MP: 7/7
   238 | D        | Noticed a floating eye
   239 | D        | Killed a floating eye
   239 | D        | Reached * piety under Sif Muna
   239 | D        | Reached skill level 10 in Stealth
   239 | D        | Reached XP level 4. HP: 24/24 MP: 7/9
   245 | D        | Noticed an orc warrior
   255 | D        | Reached skill level 10 in Hexes
   291 | D        | Learned a level 3 spell: Confusing Touch
   295 | D        | Learned a level 3 spell: Tukima's Dance
   309 | D        | Reached ** piety under Sif Muna
   309 | D        | Reached XP level 5. HP: 28/28 MP: 7/10
   337 | D        | HP: 1/28 [orc warrior/+0 halberd (14)]
   339 | D        | Killed an orc warrior
   339 | D        | Reached skill level 11 in Stealth
   339 | D        | Reached skill level 1 in Ice Magic
   345 | D        | Reached *** piety under Sif Muna
   484 | D        | Reached skill level 5 in Dodging
   484 | D        | Reached skill level 12 in Stealth
   484 | D        | Reached XP level 6. HP: 33/33 MP: 9/12
   559 | D        | Reached **** piety under Sif Muna
   668 | D        | Reached skill level 13 in Stealth
   668 | D        | Reached skill level 5 in Spellcasting
   671 | D        | Noticed Blork the orc
   673 | D        | Killed Blork the orc
   673 | D        | Reached ***** piety under Sif Muna
   673 | D        | Reached skill level 1 in Fighting
   676 | D        | Noticed a tarantella
   678 | D        | Killed a tarantella
   678 | D        | Identified Sif Muna's Grimoire of the Voyage and Clay (Sif
                  | Muna gifted it to you in the Dungeon)
   678 | D        | Received a gift from Sif Muna
   678 | D        | Reached skill level 14 in Stealth
   678 | D        | Reached XP level 7. HP: 38/38 MP: 13/15
   684 | D        | Learned a level 3 spell: Dazzling Flash
   696 | D        | Reached skill level 15 in Stealth
   706 | D        | Noticed a shadow
   711 | D        | Killed a shadow
   711 | D        | Reached skill level 16 in Stealth
   833 | D        | Noticed a black mamba
   839 | D        | Killed a black mamba
   839 | D        | Reached skill level 17 in Stealth
   839 | D        | Reached XP level 8. HP: 43/43 MP: 15/17
   840 | D        | Identified Sif Muna's Catalogue of the Escort and Ice (Sif
                  | Muna gifted it to you in the Dungeon)
   840 | D        | Received a gift from Sif Muna
   840 | D        | Reached skill level 5 in Short Blades
   840 | D        | Reached skill level 18 in Stealth
   860 | D        | Noticed a flayed ghost
   861 | D        | Noticed a polar bear
   861 | D        | Noticed a spiny frog
   862 | D        | Killed a spiny frog
   862 | D        | Reached skill level 19 in Stealth
   864 | D        | Killed a polar bear
   871 | D        | Killed a flayed ghost
   871 | D        | Reached skill level 21 in Stealth
   871 | D        | Reached XP level 9. HP: 47/47 MP: 18/18
   886 | D        | Noticed a black mamba
   886 | D        | Noticed Prince Ribbit
   887 | D        | Noticed a troll
   887 | D        | Noticed a wandering mushroom
   891 | D        | Killed Prince Ribbit
   893 | D        | Killed a troll
   893 | D        | Reached skill level 22 in Stealth
   916 | D        | Killed a black mamba
   920 | D        | Identified Sif Muna's Compendium of the Traveller (Sif Muna
                  | gifted it to you in the Dungeon)
   920 | D        | Received a gift from Sif Muna
   948 | D        | Killed a wandering mushroom
   948 | D        | Reached skill level 23 in Stealth
  1002 | D        | Noticed a black mamba
  1009 | D        | Killed a black mamba
  1009 | D        | Reached XP level 10. HP: 53/53 MP: 12/20
  1076 | D        | Noticed Erolcha
  1076 | D        | Noticed a gargoyle
  1080 | D        | Reached skill level 1 in Armour
  1080 | D        | Reached skill level 5 in Ice Magic
  1081 | D        | Killed Erolcha
  1081 | D        | Reached skill level 24 in Stealth
  1086 | D        | Killed a gargoyle
  1117 | D        | Identified Codgh's Collected Works on the Toxic Volcanoes
                  | (Sif Muna gifted it to you in the Dungeon)
  1117 | D        | Received a gift from Sif Muna
  1117 | D        | Reached ****** piety under Sif Muna
  1306 | D        | Noticed a deep elf mage
  1307 | D        | Noticed a four-headed hydra
  1319 | D        | Killed a deep elf mage
  1333 | D        | Reached skill level 25 in Stealth
  1350 | D        | Killed a four-headed hydra
  1414 | D        | Noticed a great orb of eyes
  1414 | D        | Noticed a sea snake
  1414 | D        | Noticed a hell hog
  1414 | D        | Noticed a hell hog
  1577 | D        | Noticed a hell hog
  1755 | D        | Killed a hell hog
  2035 | D        | Received a gift from Sif Muna
  2060 | D        | Learned a level 5 spell: Metabolic Englaciation
  2271 | D        | Killed a sea snake
  2271 | D        | Reached XP level 11. HP: 58/58 MP: 20/23
  2349 | D        | Noticed a death yak
  2774 | D        | Reached skill level 15 in Hexes
  2797 | D        | Identified Diecs's Handbook of Venomous Boosts (Sif Muna
                  | gifted it to you in the Dungeon)
  2797 | D        | Received a gift from Sif Muna
  2963 | D        | Killed a hell hog
  2963 | D        | Reached skill level 26 in Stealth
  2965 | D        | Killed a hell hog
  3014 | D        | Noticed an unseen horror
  3022 | D        | Received a gift from Sif Muna
  3068 | D        | Learned a level 4 spell: Leda's Liquefaction
  3339 | D        | Killed an unseen horror
  3481 | D        | Paralysed by a great orb of eyes for 6 turns
  3512 | D        | Killed a great orb of eyes
  3618 | D        | Noticed a deep elf mage
  3619 | D        | Noticed a death yak
  3625 | D        | Killed a deep elf mage
  3625 | D        | Reached skill level 10 in Spellcasting
  3627 | D        | Killed a death yak
  3632 | D        | Noticed a two-headed ogre
  3635 | D        | Killed a two-headed ogre
  3635 | D        | Reached skill level 10 in Short Blades
  3635 | D        | Reached skill level 1 in Earth Magic
  3649 | D        | Identified Ixekun's Almanac of Feathery Moulding (Sif Muna
                  | gifted it to you in the Dungeon)
  3649 | D        | Received a gift from Sif Muna
  4180 | D        | Killed a death yak
  4180 | D        | Reached skill level 5 in Armour
  4180 | D        | Reached skill level 27 in Stealth
  4314 | D        | Noticed a harpy
  4314 | D        | Noticed a fire dragon
  4315 | D        | Noticed a minotaur
  4316 | D        | Killed a minotaur
  4317 | D        | Killed a harpy
  4317 | D        | Reached XP level 12. HP: 67/67 MP: 26/26
  4349 | D        | Noticed a vampire mage
  4660 | D        | Noticed a merfolk javelineer
  4676 | D        | Identified Goclepampu's Almanac of the Frostbite and
                  | Malediction (Sif Muna gifted it to you in the Dungeon)
  4676 | D        | Received a gift from Sif Muna
  4687 | D        | Learned a level 4 spell: Cause Fear
  4696 | D        | Learned a level 8 spell: Discord
  4776 | D        | Killed a merfolk javelineer
  4890 | D        | Noticed a white draconian
  4895 | D        | HP: 2/67 [large abomination (28)]
  5112 | D        | Fell from the grace of Sif Muna
  5112 | D        | Became a worshipper of Lugonu the Unformed
  5112 | D        | Reached * piety under Lugonu
  5789 | D        | Noticed a death knight
  5795 | D        | Killed a death knight
  5872 | D        | Reached ** piety under Lugonu
  5976 | D        | Noticed an eight-headed hydra
  5987 | D        | Killed an eight-headed hydra
  5987 | D        | Reached skill level 1 in Invocations
  5987 | D        | Noticed a minotaur
  6084 | D        | HP: 1/68 [minotaur/+0 rapier (12)]
  6086 | D        | Killed a minotaur
  6086 | D        | Reached *** piety under Lugonu
  6312 | D        | Killed a vampire mage
  6312 | D        | Reached **** piety under Lugonu
  6312 | D        | Reached skill level 5 in Fighting
  6424 | D        | HP: 2/68 [fire elemental (14)]
  6801 | D        | Slain by a large abomination

Illustrated notes

Levels and vault maps discovered:
D:        pitsprint [storerooms_1, entrance_room_1, metal_vault_1, armoury_3,
          mini_pit_1, grid_room_1, main_hall_1, silver_pit, the_coven_3,
          the_vestibule_1, steel_vault_5, golden_pit, hallway_of_sentries,
          crystal_vault_2, iron_vault_4, final_vault]

Skill      XL: |  1  2  3  4  5  6  7  8  9 10 11 12 |
---------------+-------------------------------------+-----
Stealth        | 6 7 10 12 14 17 21 23 25 27 | 27.0
Hexes          | 6 7 9 10 11 12 13 14 16 18 | 18.4
Dodging        | 3 4 5 6 7 8 |  8.2
Spellcasting   | 3 4 5 6 8 10 12 | 12.3
Short Blades   | 2 3 4 6 7 8 10 11 | 11.0
Ice Magic      | 1 3 4 6 8 9 |  9.0
Fighting       | 1 2 4 5 |  5.0
Armour         | 3 5 6 |  6.1
Earth Magic    | 1 |  1.0
Invocations    | 3 |  3.3
Conjurations   | |  0.7

Action                   |  1- 3 |  4- 6 |  7- 9 | 10-12 || total
-------------------------+-------+-------+-------+-------++-------
Melee: Dagger            |     6 |    31 |     7 |       ||    44
       Bite              |       |     3 |       |    16 ||    19
       Rapier            |       |       |    19 |   203 ||   222
 Cast: Ensorcelled Hiber |       |     9 |     7 |    60 ||    76
       Corona            |       |     1 |       |     2 ||     3
       Confusing Touch   |       |       |     1 |    24 ||    25
       Metabolic Englaci |       |       |       |    10 ||    10
       Leda's Liquefacti |       |       |       |     2 ||     2
       Cause Fear        |       |       |       |     5 ||     5
       Dazzling Flash    |       |       |       |     5 ||     5
       Tukima's Dance    |       |       |       |     4 ||     4
       Discord           |       |       |       |     1 ||     1
 Abil: Exsanguinate      |     1 |       |       |     1 ||     2
       Bat Form          |       |       |       |     3 ||     3
       End Transformatio |       |       |       |     2 ||     2
       Revivify          |       |       |       |     1 ||     1
  Use: Potion            |     1 |       |       |     7 ||     8
       Scroll            |       |       |       |     1 ||     1
 Stab: Sleeping          |     3 |    15 |    22 |    39 ||    79
       Confused          |       |       |     2 |    16 ||    18
       Invisible         |       |       |       |     3 ||     3
Armor: Robe              |     1 |    12 |       |       ||    13
       Ring mail         |       |       |       |    63 ||    63
Dodge: Dodged            |     1 |    26 |     4 |    98 ||   129
